 Dungeon Crawl Stone Soup version 0.29.1-12-g30fa7ad0bf (webtiles) character file.

Game seed: 3249920889606389062

103 wormed the Chopper (level 4, -3/41 HPs)
             Began as a Minotaur Berserker on Dec 19, 2022.
             Was a Believer of Trog.
             Killed by divine providence
             ... invoked by an orc priest
              (13 damage)
             ... on level 3 of the Dungeon.
             The game lasted 00:05:49 (2423 turns).

wormed the Chopper (Minotaur Berserker)             Turns: 2423, Time: 00:05:50

Health: -3/41      AC:  5    Str: 23    XL:     4   Next: 51%
Magic:  3/3        EV: 11    Int:  4    God:    Trog [**....]
Gold:   22         SH:  0    Dex: 10    Spells: 3/3 levels left

rFire   . . .      SeeInvis .   n - +0 war axe
rCold   . . .      Faith    .   (no shield)
rNeg    . . .      Spirit   .   j - +0 ring mail
rPois   .          Reflect  .   (helmet restricted)
rElec   .          Harm     .   (no cloak)
rCorr   .          Rampage  .   (no gloves)
Will    .....                   (no boots)
Stlth   ..........              (no amulet)
HPRegen 0.13/turn               (no ring)
MPRegen 0.08/turn               (no ring)

@: no status effects
A: horns 2, retaliatory headbutt
a: Renounce Religion, Berserk, Trog's Hand


You were on level 3 of the Dungeon.
You worshipped Trog.
Trog was pleased with you.
You visited 1 branch of the dungeon, and saw 3 of its levels.

You collected 88 gold pieces.
You spent 66 gold pieces at shops.

Inventory:

Hand Weapons
 n - a +0 war axe (weapon)
Armour
 j - a +0 ring mail (worn)
Scrolls
 e - 4 scrolls of noise
 i - a scroll of torment {unknown}
 k - a scroll of butterflies {unknown}
 l - 2 scrolls of acquirement {unknown}
Potions
 b - a potion of heal wounds
 c - a potion of haste
 d - a potion of lignification
 f - a potion of curing
 g - 2 potions of flight {unknown}
 m - 2 potions of berserk rage {unknown}


   Skills:
 + Level 4.3 Fighting
 * Level 5.0 Axes
 + Level 3.3 Armour
 - Level 2.1 Dodging
 + Level 2.0 Shields


You had 3 spell levels left.
You didn't know any spells.
Your spell library was empty.

Dungeon Overview and Level Annotations

Branches:
Dungeon (3/15)

Altars:

Shops:
D:3 (


Innate Abilities, Weirdness & Mutations

You have a pair of horns on your head.
You reflexively headbutt those who attack you in melee.


Message History

The orc priest is wielding a +0 short sword of flaming.
Found 18 gold pieces.
The bat hits you but does no damage. The bat barely misses you.
You furiously retaliate!
You headbutt the bat!
You kill the bat!
Trog accepts your kill.
Your Axes skill increases to level 5!
You see here a bat corpse.
An orc comes into view. It is wielding a +0 hand axe of venom.
The orc shouts!
The orc wizard hits you with a +0 dagger.
The orc priest hits you with a +0 short sword of flaming.
The orc priest burns you. The orc barely misses you.
You barely miss the orc priest. You hit the orc. You hit the orc wizard.
The orc wizard casts a spell.
The orc wizard flickers and vanishes!
Deactivating autopickup; reactivate with Ctrl-A.
The orc hits you but does no damage.
The orc priest hits you but does no damage.
You barely miss the orc priest.
You headbutt the orc priest, but do no damage.
You closely miss the orc. You barely miss something.
Something hits you but does no damage. The orc hits you with a +0 club.
The orc priest mumbles some strange prayers to Beogh against you.
Beogh smites you!
You barely miss the orc priest. You miss something.
You hit the orc but do no damage.
You hear some strange, mumbled words.
A puff of flame appears from out of thin air!
The puff of flame hits you!
* * * LOW HITPOINT WARNING * * *
The orc hits you with a +0 club.
* * * LOW HITPOINT WARNING * * *
The orc priest barely misses you.
The orc priest attacks as you move away!
The orc priest barely misses you. The orc attacks as you move away!
The orc misses you.
The orc priest mumbles some strange prayers to Beogh against you.
Beogh smites you!
You die...

########## .........##
..........#############
.......................
..............[########
..........####.#
..........####.####
#########.........#####.#
.......[........@........
.................o..$....
.................o.......
...................o.....
...†.....................
.........................
.........................
.............∩..♣..♣..8..
.........................


You could see an orc priest and 2 orcs.

Vanquished Creatures
  Jessica (D:2)
  3 adders
  A worm (D:2)
  A dart slug (D:2)
  2 ball pythons (D:2)
  7 bats
  4 endoplasms
  4 goblins
  3 hobgoblins
  6 jackals
  2 quokkas (D:2)
  4 frilled lizards
  4 kobolds
  4 rats
46 creatures vanquished.

Notes
Turn   | Place    | Note
-------+----------+-------------------------------------------
     0 | D:1      | wormed the Minotaur Berserker began the quest for the Orb.
     0 | D:1      | Reached XP level 1. HP: 19/19 MP: 0/0
   299 | D:1      | Reached XP level 2. HP: 27/27 MP: 1/1
   350 | D:1      | Reached skill level 4 in Axes
   603 | D:1      | Reached skill level 1 in Shields
  1014 | D:2      | Reached ** piety under Trog
  1043 | D:2      | Reached XP level 3. HP: 26/33 MP: 2/2
  1814 | D:2      | Noticed Jessica
  1821 | D:2      | Killed Jessica
  1822 | D:2      | Reached XP level 4. HP: 29/40 MP: 3/3
  2350 | D:3      | Found Jiwoaqag's Antique Weapon Boutique.
  2358 | D:3      | Bought a war axe for 66 gold pieces
  2418 | D:3      | Reached skill level 5 in Axes
  2423 | D:3      | Killed from afar by an orc priest

Illustrated notes

Levels and vault maps discovered:
D:1:      pf_arrival_petrified_forest, layout_loops_ring, st_stairs_7
D:2:      layout_basic, grunt_ministairs_1, uniq_jessica
D:3:      layout_basic, serial_shops, nicolae_shop_trees, nicolae_shop_stone,
          hellmonk_ecumenical_altar_arch_garden, minmay_snake_closets

Skill      XL: |  1  2  3  4 |
---------------+-------------+-----
Axes           | 4 5 |  5.0
Shields        | 1 2 |  2.0
Fighting       | 4 |  4.3
Armour         | 3 |  3.3
Dodging        | |  2.1

Action                   |  1- 3 |  4- 6 || total
-------------------------+-------+-------++-------
Melee: Hand axe          |    79 |    15 ||    94
       Headbutt          |    11 |     6 ||    17
       Punch             |     2 |       ||     2
       War axe           |       |     9 ||     9
Invok: Berserk           |     1 |       ||     1
  Use: Potion            |     1 |       ||     1
       Scroll            |       |     4 ||     4
Armor: Animal skin       |    14 |       ||    14
       Ring mail         |     1 |     8 ||     9
       Skin              |     1 |       ||     1
Dodge: Dodged            |    43 |    16 ||    59
